Markus, neutral male human Tourist ---------------- ------ |...............# ---------------- |....| #-..............|# ------- |..............-# |....| ###|..............|####......| |..............|# |....| # ----.----------- # |.....| |..............|############-....-#### # ####..{...| |..............|# |....| # # |....>| ------------|---### |....|##########################-.....| ## ## # ----.-# # # ------- `########################## ## ### #### # # # # ###% ### ################# @q# ## ########## # # #--f-+--# -.---|-- # ##############################..r...|# |....^.| ##-.------------- # |r....|# |......-#######################|..............### |.....|# |......| |.......<.....|##`#.r.....# ---.---- --------------- ------- Markus the Sightseer Experience level: 4 Strength: 12 Dexterity: 11 Constitution: 12 Intelligence: 18 Wisdom: 11 Charisma: 15 Health: 0(30) Energy: 13(13) Def: 4 Gold: 1062 Moves: 2503 Dungeon seed: 2rW16IZeGm2uoyXr Game ID: Markus_1537283205 Your Inventory: Coins $ - 1062 gold pieces Weapons a - 23 +2 darts (in quiver) r - a +0 orcish dagger (weapon in hand) t - a +0 sling Armor e - an uncursed +0 Hawaiian shirt (being worn) y - an uncursed +0 orcish chain mail (being worn) z - an uncursed +0 orcish helm Comestibles f - 2 uncursed food rations j - an uncursed tripe ration Scrolls l - 4 uncursed scrolls of magic mapping B - an uncursed scroll of stinking cloud C - a blessed scroll of teleportation Spellbooks E - an uncursed spellbook of cure sickness Potions k - an uncursed potion of extra healing o - an uncursed potion of invisibility s - an uncursed potion of healing A - an uncursed potion of fruit juice Rings D - a cursed ring of aggravate monster Tools m - an expensive camera (0:35) n - an uncursed credit card Gems q - an uncursed worthless piece of red glass N - an uncursed worthless piece of green glass Spells and supernatural/magical abilities: Name Level Category Fail Memory W - pray for help -- divine ? -- Your skills at the end: Fighting Skills Weapon Skills dagger [Basic] dart [Basic] Spellcasting Skills Final Attributes: You were piously aligned. You were telepathic. You are dead. Vanquished creatures: a rock piercer 3 floating eyes a rothe a giant bat an iguana a hobbit a brown mold a red mold 5 garter snakes 2 gnome zombies 5 geckos 2 jackals a fox 2 goblins 6 grid bugs 3 lichens a kobold zombie 6 newts 43 creatures vanquished. Voluntary challenges: You were an atheist. You used a wielded weapon 41 times, starting on turn 241. You read items or engraved 3 times, starting on turn 1219. You never genocided any monsters. You never polymorphed an object. You never changed form. You used no wishes. You never split a pudding. You never wrote Elbereth's name. You never violated your personal moral code. Dungeon overview: The Dungeons of Doom: levels 1 to 5 Level 1 some fountains a long staircase Level 2 a fountain a long staircase Level 3 Level 4 Level 5 <- You were here a fountain History has recorded: On T:1 you entered the Dungeons of Doom to retrieve the Amulet of Yendor! On T:519 you reached level 2 of The Dungeons of Doom. On T:651 you advanced to experience level 2. On T:1049 you reached level 3 of The Dungeons of Doom. On T:1417 you reached level 4 of The Dungeons of Doom. On T:1419 you advanced to experience level 3. On T:1816 you reached level 5 of The Dungeons of Doom. On T:2028 you advanced to experience level 4. Score breakdown: Gold: 612 ( 9481 points) Experience: 4 levels ( 9649 points) Exploration: 5 levels ( 10.00%) ( 8571 points) Discoveries: 0 items ( 0.00%) ( 0 points) Valuables value: (no points given unless you survive) Artifact value: 0 ( 0 points) Variety of kills: 18 monsters ( 4.72%) ( 6520 points) Turncount: 2503 turns ( -332 points) Survival: died (score multiplied by 80%) Total score: 27111 Latest messages: The rothe misses. The rothe bites! (2x) You feel much better. The dart hits the rothe. The rothe hits! The rothe bites! (2x) You kill the rothe! The dart hits the rothe. The dart hits the rothe. The rothe misses. The rothe bites! (2x) The dart hits the rothe. The rothe misses. The rothe bites! (2x) The dart misses the rothe. The rothe hits! The rothe bites! (2x) You die... Final status: Aloha Markus the Tourist, killed by a rothe... You died in The Dungeons of Doom on dungeon level 5 with 27111 points, and 1062 pieces of gold, after 2503 moves. You were level 4 with a maximum of 30 hit points when you died.